 Dungeon Crawl Stone Soup version 0.20.1-1-g8b1a95d (webtiles) character file.

87 ringo67 the Firebug (level 4, -1/24 HPs)
             Began as a Deep Elf Fire Elementalist on Dec 8, 2017.
             Slain by Ijyb (3 damage)
             ... on level 3 of the Dungeon.
             The game lasted 00:10:54 (2236 turns).

ringo67 the Firebug (Deep Elf Fire Elementalist)    Turns: 2236, Time: 00:10:54

Health: -1/24      AC:  2    Str:  5    XL:     4   Next: 28%
Magic:  3/10       EV: 13    Int: 21    God:
Gold:   117        SH:  0    Dex: 15    Spells: 8/9 levels left

rFire    . . .     SeeInvis .   i - +0 short sword
rCold    . . .     Gourm    .   (no shield)
rNeg     . . .     Faith    .   v - -1 robe (curse)
rPois    .         Spirit   .   (no helmet)
rElec    .         Reflect  .   (no cloak)
rCorr    +         Harm     .   (no gloves)
MR       .....                  m - +0 pair of boots (curse)
Stlth    ++........             (no amulet)
Regen    0.1/turn               j - ring of resist corrosion
MPRegen  0.2/turn               (no ring)

@: no status effects
A: no striking features
a: no special abilities


You were on level 3 of the Dungeon.
You were not hungry.

You visited 1 branch of the dungeon, and saw 4 of its levels.

You collected 117 gold pieces.

Inventory:

Hand Weapons
 f - a +0 whip
 i - a +0 short sword (weapon)
Armour
 a - a +0 robe
 m - a cursed +0 pair of boots (worn)
 v - a cursed -1 robe (worn)
Jewellery
 j - a ring of resist corrosion (left hand)
Scrolls
 e - 3 scrolls of identify {unknown}
 g - a scroll of enchant armour {unknown}
 k - a scroll of magic mapping {unknown}
 n - a scroll of amnesia {unknown}
 q - a scroll of fog {unknown}
 r - a scroll of remove curse {unknown}
Potions
 d - 2 potions of heal wounds
 l - a potion of flight {unknown}
 p - a potion of curing {unknown}
 s - a potion of mutation {unknown}
 t - a potion of haste {unknown}
Books
 b - a book of Flames

   Spells                             Type                      Level
   a - Flame Tongue                   Conjuration/Fire             1
   b - Throw Flame                    Conjuration/Fire             2
   c - Conjure Flame                  Conjuration/Fire             3
   d - Inner Flame                    Hexes/Fire                   3
   e - Sticky Flame                   Conjuration/Fire             4
   f - Fireball                       Conjuration/Fire             5
Comestibles
 c - 3 bread rations
 h - 3 fruits
 o - a meat ration
 u - a chunk of flesh


   Skills:
 - Level 2.4 Dodging
 - Level 2.4 Stealth
 - Level 3.0 Spellcasting
 + Level 3.2 Conjurations
 + Level 4.6 Fire Magic


You had 8 spell levels left.
You knew the following spells:

 Your Spells              Type           Power        Failure   Level  Hunger
a - Flame Tongue          Conj/Fire      ###..        2%          1    None


Dungeon Overview and Level Annotations

Branches:
Dungeon (4/15)
 Temple: D:4-7

Altars:
Xom

Shops:
D:4 %

Annotations:
D:3 Ijyb


Message History

Casting: Flame Tongue
Confirm with . or Enter, or press ? or * to list all spells.
Aiming: Flame Tongue
Press: ? - help, Shift-Dir - straight line, f/p - Ijyb
Aim: Ijyb, wearing a glowing leather armour and carrying a wand of acid (?/15) {zapped: 2} (heavily wounded)
The flame tongue hits Ijyb.
Ijyb appears unharmed.
Ijyb is heavily wounded.
Ijyb zaps a wand.
The bolt of acid hits you! You resist.
You are splashed with acid!
The acid burns!
You resist.
* * * LOW HITPOINT WARNING * * *
Casting: Flame Tongue
Confirm with . or Enter, or press ? or * to list all spells.
Aiming: Flame Tongue
Press: ? - help, Shift-Dir - straight line, f/p - Ijyb
Aim: Ijyb, wearing a glowing leather armour and carrying a wand of acid (?/15) {zapped: 3} (heavily wounded)
The flame tongue hits Ijyb.
Ijyb appears unharmed.
Ijyb is heavily wounded.
Ijyb screams, "I dance on your bones!" Ijyb hits you.
You die...

#...# ### # #...####### ..# #
#...'.....### #.# # #...###.....#
#.# # #...# #.....# #.# # #...#
#.....# #.# # #...# ###'### #.#
#####'######.###########.#.#
................@......#.#.######
.####........#.g.........#....g..
.......#######.#######.#########.
.#####.#.....#.......#.#.........
.......#.###.#..####.#.g.g.######
.#...........#.....#.#...#.#
.##.####.#####...(##.#.#...#
.##+# #.............#.#.### .....
########..#####.#.#


You could see Ijyb.

Vanquished Creatures
  5 adders
  2 worms (D:2)
  A dart slug (D:2)
  8 bats
  5 giant cockroaches
  4 goblins
  A hobgoblin (D:1)
  2 jackals (D:2)
  A ball python (D:2)
  6 frilled lizards
  5 kobolds
40 creatures vanquished.

Notes
Turn   | Place    | Note
-------+----------+-------------------------------------------
     0 | D:1      | ringo67 the Deep Elf Fire Elementalist began the quest for the Orb.
     0 | D:1      | Reached XP level 1. HP: 10/10 MP: 6/6
   225 | D:1      | Reached XP level 2. HP: 15/15 MP: 5/8
   723 | D:2      | Found a shimmering altar of Xom.
   731 | D:2      | Reached skill level 4 in Fire Magic
   770 | D:2      | Found a faded altar of an unknown god.
   777 | D:2      | Reached XP level 3. HP: 18/19 MP: 5/9
  1603 | D:2      | Reached XP level 4. HP: 24/24 MP: 8/10
  1971 | D:3      | Noticed Ijyb
  2138 | D:4      | Found Jaew Hos's Food Boutique.
  2236 | D:3      | Slain by Ijyb

Skill      XL: |  1  2  3 |
---------------+----------+-----
Conjurations   | 2 3 |  3.2
Fire Magic     | 4 |  4.6
Dodging        | |  2.4
Stealth        | |  2.4
Spellcasting   | |  3.0

Action                   |  1- 3 |  4- 6 || total
-------------------------+-------+-------++-------
 Cast: Flame Tongue      |    69 |    31 ||   100
  Eat: Chunk             |     2 |     1 ||     3
       Fruit             |       |     1 ||     1
Armor: Robe              |     9 |     3 ||    12
Dodge: Dodged            |    24 |    10 ||    34
